cohdb
Replays
Latest Replays
All Replays
Popular Replays
Top Player Replays
Match Explorer
How It Works
Community
CoH3 Stats
Reddit
Sign in to upload your games and track your stats! →
Sign in with Steam
Match 27610981
Unlisted
Match 27610981
Overview
Messages
Build Orders
End
Construct Section Command Post
Infantry Section
Infantry Section
Grenade Package
Construct Field Infirmary
ML 3-inch Mortar Team
Selects Indian Artillery Battlegroup
Selects Towed ML 4.2-inch Heavy Mortar
Towed ML 4.2-inch Heavy Mortar
Vickers Machine Gun Team
Royal Engineer Section
Construct Platoon Command Post
Selects Off-map Airburst Barrage
Unlock M3 Stuart Light Tanks
Maschinen Krieger
MMMMMMMMMMMM
HAN
Chunjang
Hand115
ATHENG
HUNK
Sinzoooooo
0
0
Comments
sign in to comment!
No comments posted yet!